Map: Ulrena

Players

PiG - Winner!

  • Race: Zerg Zerg
  • League: Grandmaster

Petraeus

  • Race: Zerg Zerg
  • League: Grandmaster

Event: 2016 WCS Winter Challenger Oceania SEA

VOD

Have the link to the VOD?

Description

Time

  • Played on: Feb. 13, 2016, 10:22 p.m.
  • Length: 8:33

All games in this series

Show
View Real Time Build Order
Export as new Build Order

PiG Zerg - Winner!

Build Orders: Pool First 

Get SALT Encoding   

  12  0:00  Drone  
  13  0:13  Overlord  
  13  0:17  Drone  
  14  0:31  Drone x2  
  16  0:37  Drone  
  17  0:45  Spawning Pool  
  17  0:49  Drone  
  17  0:53  Extractor  
  17  0:56  Drone  
  17  1:14  Overlord  
  17  1:22  Hatchery  
  16  1:34  Zergling x4  
  18  1:40  Zergling x2  
  18  1:45  Queen  
  21  1:52  Zergling x2  
  23  2:08  Hatchery  
  23  2:09  Metabolic Boost  
  23  2:15  Drone  
  23  2:16  Drone  
  24  2:27  Drone  
  25  2:45  Drone  
  25  2:48  Queen  
  25  2:51  Roach Warren  
  27  3:02  Overlord  
  27  3:15  Zergling x6  
  27  3:24  Zergling x4  
  29  3:33  Drone x5  
  34  3:43  Overlord  
  34  3:44  Drone  
  35  3:53  Drone  
  35  4:00  Drone x5  
  35  4:02  Drone x2  
  40  4:11  Drone  
  40  4:15  Drone  
  38  4:17  Extractor, Queen  
  38  4:30  Roach x4  
  46  4:35  Roach x2  
  50  4:43  Overlord x3  
  50  4:49  Overlord  
  50  4:58  Overlord  
  50  5:10  Drone x3  
  50  5:11  Drone x2  
  50  5:13  Hatchery  
  54  5:15  Drone  
  54  5:19  Evolution Chamber  
  52  5:37  Drone  
  52  5:39  Lair  
  52  5:40  Drone x3  
  52  5:42  Extractor  
  53  5:45  Roach x5  
  59  5:54  Zerg Missile Weapons Level 1  
  59  5:55  Roach x2  
  59  6:03  Roach  
  59  6:04  Roach  
  63  6:09  Queen  
  63  6:10  Overlord x2  
  63  6:11  Roach  
  67  6:21  Roach x2  
  67  6:25  Roach x2  
  75  6:30  Roach  
  75  6:32  Roach x3  
  83  6:34  Extractor  
  83  6:36  Roach x2  
  83  6:39  Glial Reconstitution  
  86  6:49  Drone x3  
  86  6:50  Drone x3  
  92  6:55  Overseer  
  92  7:01  Overlord x3  
  92  7:03  Drone  
  92  7:07  Drone x2  
  95  7:12  Drone x3  
  95  7:13  Drone  
  95  7:15  Roach  
  101  7:26  Roach x2  
  101  7:27  Roach x3  
  113  7:30  Roach  
  113  7:34  Overlord  
  113  7:39  Roach x3  
  113  7:43  Roach x2  
  123  7:47  Roach x2  
  123  7:49  Overlord  
  127  7:52  Overlord  
  127  7:58  Roach  
  127  7:59  Roach x2  
  127  8:04  Ravager x4  
  137  8:13  Spore Crawler  
Show
View Real Time Build Order
Export as new Build Order

Petraeus Zerg 

Build Orders: Pool First 

Get SALT Encoding   

  12  0:19  Spawning Pool  
  11  0:22  Drone  
  11  0:27  Drone  
  13  0:31  Drone  
  14  0:42  Overlord  
  14  1:06  Zergling x6, Queen  
  19  1:17  Zergling x2  
  20  1:28  Zergling x2  
  21  1:35  Hatchery  
  20  1:40  Drone  
  21  1:49  Overlord  
  20  2:02  Drone  
  20  2:09  Queen  
  20  2:12  Zergling x2  
  23  2:17  Zergling x2  
  23  2:19  Drone x2  
  26  2:25  Drone  
  27  2:40  Drone  
  28  2:46  Queen  
  28  2:50  Queen  
  32  2:53  Overlord  
  32  2:55  Drone  
  33  2:59  Drone  
  33  3:01  Drone  
  35  3:11  Drone  
  35  3:12  Drone  
  35  3:18  Drone x2  
  36  3:22  Drone x2  
  38  3:27  Spine Crawler  
  38  3:29  Drone x2  
  38  3:33  Drone  
  40  3:35  Overlord  
  40  3:41  Extractor  
  39  3:42  Zergling x2  
  39  3:43  Extractor  
  39  3:44  Zergling x2  
  39  3:46  Zergling x2  
  41  3:58  Drone x3  
  41  4:00  Drone x3  
  41  4:02  Drone x2  
  46  4:11  Drone x2  
  46  4:16  Drone  
  46  4:18  Extractor  
  46  4:21  Drone  
  45  4:27  Drone  
  45  4:29  Drone x3  
  49  4:34  Evolution Chamber  
  49  4:35  Drone  
  49  4:37  Roach Warren  
  47  4:40  Lair  
  47  4:46  Overlord  
  47  4:47  Drone x2  
  47  4:52  Drone x2  
  51  5:05  Spine Crawler  
  49  5:08  Spine Crawler  
  48  5:14  Overlord  
  48  5:16  Roach x4  
  48  5:18  Roach  
  48  5:20  Roach  
  56  5:32  Drone x2  
  56  5:33  Zerg Missile Weapons Level 1  
  56  5:34  Drone x2  
  57  5:38  Glial Reconstitution  
  57  5:42  Drone  
  60  5:45  Drone  
  60  5:48  Drone x2  
  61  5:50  Drone  
  61  5:52  Drone  
  61  5:55  Drone  
  61  5:56  Overseer  
  62  6:01  Drone  
  63  6:14  Overlord, Drone  
  63  6:15  Overlord, Hatchery  
  63  6:23  Spire  
  63  6:24  Extractor  
  61  6:27  Drone  
  61  6:31  Drone x3  
  65  6:34  Overlord  
  65  6:44  Drone  
  65  6:45  Drone  
  67  6:48  Drone x2  
  67  6:53  Drone  
  70  6:57  Spine Crawler  
  70  6:58  Spine Crawler  
  70  6:59  Spine Crawler  
  70  7:00  Spine Crawler  
  66  7:05  Drone  
  66  7:07  Spine Crawler  
  66  7:09  Spine Crawler  
  66  7:11  Overlord  
  66  7:14  Drone x4  
  69  7:34  Mutalisk x3  
  77  7:37  Mutalisk x4  
  77  7:39  Drone  
  77  7:40  Mutalisk  
  77  7:42  Drone x3  
  91  7:44  Drone x2  
  91  7:46  Drone  
  91  7:48  Drone  
  91  7:49  Extractor  
  94  7:54  Extractor  
  93  7:58  Drone x2  
  93  8:03  Drone  
  93  8:04  Hydralisk Den  
  93  8:05  Drone x2  
  97  8:06  Drone x2  
  97  8:12  Roach x2  
  105  8:13  Roach  
Tags
 
Add a new tag
Caveats
  • Supply blocks, unpowered buildings, or Contaminate may cause inaccurate times.
  • Supply counts are checked every 10 seconds.